cohdb
Replays
Latest Replays
All Replays
Popular Replays
Top Player Replays
Match Explorer
How It Works
Community
CoH3 Stats
Reddit
Sign in to upload your games and track your stats! →
Sign in with Steam
Match 28467238
Unlisted
Match 28467238
Overview
Messages
Build Orders
End
Engineer Squad
Selects Armored Battlegroup
Selects Veteran Crews
Construct Barracks
1⁄4-ton 4x4 Truck
1⁄4-ton 4x4 Truck
Construct Weapon Support Center
Air Support Center
Selects Strength in Steel
Selects M31 Recovery Vehicle
M31 Recovery Vehicle
M3 Armored Personnel Carrier
Improved M9 Bazooka Rockets
Bazooka Squad
Mortar Pit
Mortar Pit
Construct Tank Depot
Selects Strength in Steel
Bazooka Squad
Mortar Pit
Mortar Pit
Selects M8 Scott SPG
Selects UNKNOWN (2160077)
M4A3E8 Sherman Easy Eight
M4A3E8 Sherman Easy Eight
P-47 Strafing Run
M4A3E8 Sherman Easy Eight
Forward Retreat Point
BROken-J
schwarze
SuperHusky
暴力@小野兽
[KOR]Gunther
iAinEng
hohobbang
彬纸-Millet Plus Rifle
0
0
Comments
sign in to comment!
No comments posted yet!